 Dungeon Crawl Stone Soup version 0.27.1-2-g3b301248ec (webtiles) character file.

Game seed: 9394415073329069781

106 nxtlvl the Charlatan (level 4, -4/24 HPs)
             Began as a Deep Elf Artificer on Sept 27, 2021.
             Engulfed by a steam dragon's steam (6 damage)
             ... on level 4 of the Dungeon.
             The game lasted 00:08:13 (673 turns).

nxtlvl the Charlatan (Deep Elf Artificer)            Turns: 673, Time: 00:08:14

Health: -4/24      AC:  3    Str:  9    XL:     4   Next: 55%
Magic:  6/6        EV: 12    Int: 17    God:
Gold:   83         SH:  0    Dex: 15    Spells: 3/3 levels left

rFire    . . .     SeeInvis .   b - +2 dagger (vamp)
rCold    . . .     Faith    .   (no shield)
rNeg     . . .     Spirit   .   h - +0 leather armour
rPois    .         Reflect  .   (no helmet)
rElec    .         Harm     .   (no cloak)
rCorr    .         Rampage  .   (no gloves)
Will     .....                  (no boots)
Stlth    ++........             (no amulet)
HPRegen  0.08/turn              (no ring)
MPRegen  0.10/turn              (no ring)

@: no status effects
A: no striking features
a: no special abilities


You were on level 4 of the Dungeon.
You visited 1 branch of the dungeon, and saw 4 of its levels.

You collected 83 gold pieces.

Inventory:

Hand Weapons
 a - a +0 falchion
 b - a +2 vampiric dagger (weapon)
Missiles
 f - 41 arrows
 l - 6 boomerangs
Armour
 h - a +0 leather armour (worn)
Wands
 c - a wand of flame (14) (quivered)
 d - a wand of charming (15)
Scrolls
 g - a scroll of brand weapon {unknown}
 i - 3 scrolls of immolation {unknown}
 j - a scroll of summoning {unknown}
 o - a scroll of fear {unknown}
Potions
 k - 2 potions of curing {unknown}
 m - a potion of invisibility {unknown}
 n - a potion of cancellation {unknown}
 p - a potion of lignification {unknown}
Miscellaneous
 e - a piece from Xom's chessboard (2/15)


   Skills:
 - Level 0.7 Fighting
 * Level 2.5 Short Blades
 - Level 0.7 Armour
 - Level 2.4 Dodging
 - Level 1.2 Stealth
 + Level 5.0 Evocations


You had 3 spell levels left.
You didn't know any spells.
Your spell library contained the following spells:

 Spells                   Type           Power      Damage    Failure   Level
 Slow                     Hex            0%         N/A       43%         2
 Confusing Touch          Hex            0%         N/A       67%         3
 Vampiric Draining        Necr           0%         2d6       67%         3


Dungeon Overview and Level Annotations

Branches:
Dungeon (4/15)
 Temple: D:4-7

Altars:


Message History

There is an open door here.
You open the door. You open the door.
Found a stone staircase leading down.
There is an open door here.
There is a stone staircase leading down here.
You open the door.
There is an open door here.
There is an open door here.
Found a leather armour.
You now have 83 gold pieces (gained 8).
f - 41 arrows (gained 13)
Found a viscous red potion.
p - a viscous red potion
Found a stone staircase leading down.
You open the door.
Found 17 sling bullets, 19 stones and a sapphire potion.
There is an open door here.
You close the door.
k - 2 sapphire potions (gained 1)
You see here 19 stones.
You open the door.
There is an open door here.
There is an open door here.
You make a move on Xom's chessboard...
The steam dragon hisses angrily.
The steam dragon falls asleep!
The steam dragon hisses angrily.
The steam dragon breathes steam at you. The ball of steam hits you!
Ouch! That really hurt!
There is an open door here.
You make a move on Xom's chessboard...
The steam dragon twists and deforms.
You make a move on Xom's chessboard...
The steam dragon twists and deforms.
The steam dragon breathes steam at you. The ball of steam hits you!
* * * LOW HITPOINT WARNING * * *
You close the door.
You are engulfed in a cloud of scalding steam.
You die...

.# #.# ...D .# #.# #'# .#
#.# #.# .# #.# # #.# .#
#.# #.. #D# .# #.#
#....#.####.# .# #.#
#....+§§....# .# #.#
#....#+######### .# #.#
#....§@§(......# .# #.#
#.....§........# .# #.#
#.....§........#
.######+####+##..........#
.##......# #.##.(........#
.##......# #.###+#########
.÷.......###........#
....................#
....................#


There were no monsters in sight!

Vanquished Creatures
  A necrophage (D:4)
  An adder (D:2)
  4 ball pythons
  An endoplasm (D:3)
  3 bats (D:1)
  4 kobolds
  2 rats (D:1)
16 creatures vanquished.

Notes
Turn   | Place    | Note
-------+----------+-------------------------------------------
     0 | D:1      | nxtlvl the Deep Elf Artificer began the quest for the Orb.
     0 | D:1      | Reached XP level 1. HP: 11/11 MP: 3/3
   239 | D:1      | Reached XP level 2. HP: 7/16 MP: 4/4
   261 | D:1      | Reached skill level 4 in Evocations
   411 | D:4      | Noticed a necrophage
   423 | D:4      | Killed a necrophage
   424 | D:4      | Reached skill level 5 in Evocations
   424 | D:4      | Reached XP level 3. HP: 20/20 MP: 5/5
   424 | D:4      | Reached XP level 4. HP: 24/24 MP: 6/6
   432 | D:4      | Noticed a steam dragon
   673 | D:4      | Engulfed by a steam dragon's steam

Illustrated notes

Levels and vault maps discovered:
D:1:      saegor_arrival_simple_a, layout_rooms
D:2:      layout_rooms, hellmonk_ecumenical_altar_defaced_shrine, uniq_terence,
          uniq_jessica
D:3:      layout_basic, nicolae_tso_carved_into_rock, serial_shops, shop,
          kennysheep_generic_room_6, uniq_sigmund
D:4:      layout_basic, uniq_crazy_yiuf_cottage

Skill      XL: |  1  2 |
---------------+-------+-----
Evocations     | 5 |  5.0
Short Blades   | 2 |  2.5
Fighting       | |  0.7
Armour         | |  0.7
Dodging        | |  2.4
Stealth        | |  1.2

Action                   |  1- 3 |  4- 6 || total
-------------------------+-------+-------++-------
Melee: Falchion          |    50 |       ||    50
       Club              |     9 |       ||     9
       Dagger            |     5 |       ||     5
Evoke: Piece from Xom's  |    13 |     6 ||    19
       Wand              |     1 |       ||     1
 Stab: Paralysed         |     9 |       ||     9
       Petrified         |    18 |       ||    18
       Sleeping          |     1 |       ||     1
Armor: Leather armour    |    14 |       ||    14
Dodge: Dodged            |    37 |       ||    37
       Rpst.: Falchion   |    14 |       ||    14
